 Dungeon Crawl Stone Soup version 0.22-a0-803-gd6d8abe (webtiles) character file.

1985 iamserjio the Chiller (level 9, -8/45 HPs)
             Began as a Deep Elf Ice Elementalist on July 22, 2018.
             Was a Follower of Vehumet.
             Killed by divine providence
             ... invoked by an orc priest
              (15 damage)
             ... on level 7 of the Dungeon.
             The game lasted 00:31:41 (3850 turns).

iamserjio the Chiller (Deep Elf Ice Elementalist)   Turns: 3850, Time: 00:31:42

Health: -8/45      AC:  3    Str:  5    XL:     9   Next: 1%
Magic:  0/21       EV: 16    Int: 24    God:    Vehumet [*.....]
Gold:   46         SH:  0    Dex: 15    Spells: 7/22 levels left

rFire    . . .     SeeInvis +   g - +0 dagger (distort)
rCold    . . .     Gourm    .   (no shield)
rNeg     . . .     Faith    .   H - +0 robe (curse)
rPois    +         Spirit   .   l - +0 helmet
rElec    .         Reflect  .   (no cloak)
rCorr    .         Harm     .   (no gloves)
MR       .....                  (no boots)
Stlth    ++........             (no amulet)
HPRegen  0.15/turn              E - ring of see invisible
MPRegen  0.17/turn              f - ring of poison resistance

@: no status effects
A: no striking features
a: Renounce Religion


You were on level 7 of the Dungeon.
You worshipped Vehumet.
Vehumet was aware of your devotion.
You were hungry.

You visited 2 branches of the dungeon, and saw 8 of its levels.

You collected 383 gold pieces.
You spent 337 gold pieces at shops.

Inventory:

Hand Weapons
 d - a +2 vampiric hand axe
 e - a +0 spear
 g - a +0 dagger of distortion (weapon)
 i - a +0 hunting sling
 p - a cursed -1 mace
Missiles
 j - 227 stones (quivered)
 k - 97 arrows
 r - 23 sling bullets
Armour
 a - a +0 robe
 l - a +0 helmet (worn)
 s - +0 storm dragon scales
 H - a cursed +0 robe (worn)
Jewellery
 f - a ring of poison resistance (right hand)
 E - a ring of see invisible (left hand)
 F - an uncursed amulet of guardian spirit
Scrolls
 h - a scroll of noise
 m - 4 scrolls of teleportation
 n - 2 scrolls of blinking
 o - 2 scrolls of remove curse {@r2}
 u - a scroll of enchant weapon
 w - a scroll of immolation
 x - 2 scrolls of identify {@r1}
 y - a scroll of summoning
 C - a scroll of amnesia
Potions
 b - 2 potions of mutation
 q - a potion of curing {@q1}
 t - a potion of might
 v - a potion of resistance
 z - 2 potions of flight
 A - a potion of lignification
 B - a potion of berserk rage
 G - a potion of agility
 I - a potion of degeneration {unknown}
Comestibles
 c - 14 rations
 D - a chunk of flesh


   Skills:
 + Level 6.0 Dodging
 - Level 2.4 Stealth
 + Level 7.2 Spellcasting
 * Level 6.7 Conjurations
 - Level 4.0 Summonings
 * Level 7.5 Ice Magic


You had 7 spell levels left.
You knew the following spells:

 Your Spells              Type           Power        Failure   Level  Hunger
a - Freeze                Ice            ####         1%          1    None
b - Throw Frost           Conj/Ice       #####.       1%          2    None
c - Summon Ice Beast      Ice/Summ       #####...     6%          4    ###....
d - Throw Icicle          Conj/Ice       #####...     3%          4    ###....
e - Ozocubu's Armour      Chrm/Ice       ####....     4%          3    None
f - Flame Tongue          Conj/Fire      ###..        1%          1    None

Your spell library contained the following spells:

 Spells                   Type           Power        Failure   Level  Hunger


Dungeon Overview and Level Annotations

Branches:
Dungeon (7/15)             Temple (1/1) D:6

Altars:
Kikubaaqudgha
Makhleb
Okawaru
Ru
Sif Muna
Vehumet
Xom
Yredelemnul
Zin

Shops:
D:6 ?

Annotations:
D:4 Menkaure
Abyss:1 Blork the orc


Message History

Your ice beast melts!
Something hits your ice beast but does no damage.
The orc wizard hits your ice beast with a dagger.
Casting: Summon Ice Beast (safe; 6% risk of failure)
Confirm with . or Enter, or press ? or * to list all spells.
You don't have enough magic to cast that spell.
Something hits your ice beast. x2
Your ice beast dies!
Casting: Summon Ice Beast (safe; 6% risk of failure)
Confirm with . or Enter, or press ? or * to list all spells.
A chill wind blows around you.
You are feeling hungry.
The orc wizard points at you and mumbles some strange words.
The puff of flame hits you!
The orc wizard gestures at you while chanting.
The puff of flame hits you!
* * * LOW HITPOINT WARNING * * *
The orc priest calls down the wrath of Beogh upon you.
Beogh smites you!
You die...

#.#.#.#'#####.
#.#.#.#.# #.
.o#.#.#.# ###.
#####.#.#.#.# #...
#o..#o#.#.#†# #...
#.#)#Y#...#.# #...
#o#o#.#.###.###...
#.#o..# #.......
#@#####.# #####...
#.Y.....# #.##
#.#####...... #.##
#.#...#.. #.# #...
#.#.#.#.###.# ####
#.#.#.#.....# #
#...#.#.##..######
#.#####.#..#..##....
#.......#..#..##.###


You could see an orc priest, an orc wizard (invisible) and a friendly ice beast.

Vanquished Creatures
  Grinder (D:4)
  An orc warrior (D:7)
  A phantom (D:5)
  An ogre (D:4)
  2 bullfrogs (D:6)
  A scorpion (D:4)
  A wight (D:5)
  A howler monkey (D:7)
  A crimson imp (D:5)
  A hound (D:4)
  2 iguanas
  Ijyb (D:3)
  An orc wizard (D:7)
  5 worker ants
  A hound zombie (D:6)
  A worker ant zombie (D:6)
  Robin (D:2)
  6 adders
  2 oozes
  3 dart slugs
  4 leopard geckos
  9 orcs
  3 bats
  4 giant cockroaches
  22 goblins
  7 hobgoblins
  16 jackals
  5 kobolds
  2 quokkas
  2 frilled lizards
  4 rats
112 creatures vanquished.

Vanquished Creatures (collateral kills)
  2 yaks (D:7)
  2 hogs (D:7)
  A black bear (D:7)
  An ice beast (D:7)
  A bullfrog (D:7)
  2 howler monkeys (D:7)
  A crimson imp (D:7)
  2 orc priests (D:6)
  An iguana (D:7)
  4 orc wizards
  A hound skeleton (D:7)
  A howler monkey skeleton (D:7)
  An adder skeleton (D:7)
  4 orcs
  2 jackals (D:6)
  A quokka (D:7)
27 creatures vanquished.

Vanquished Creatures (others)
  A human (D:7)
  An ogre (D:7)
  A hound (D:6)
  A hound skeleton (D:4)
  A jackal (D:6)
5 creatures vanquished.

Grand Total: 144 creatures vanquished

Notes
Turn   | Place    | Note
-------+----------+-------------------------------------------
     0 | D:1      | iamserjio the Deep Elf Ice Elementalist began the quest for the Orb.
     0 | D:1      | Reached XP level 1. HP: 10/10 MP: 6/6
   143 | D:1      | Reached XP level 2. HP: 15/15 MP: 6/8
   150 | D:1      | Learned a level 2 spell: Throw Frost
   186 | D:2      | Found a faded altar of an unknown god.
   348 | D:2      | Reached XP level 3. HP: 9/19 MP: 2/10
   681 | D:2      | Noticed Robin
   689 | D:2      | Killed Robin
   689 | D:2      | Reached XP level 4. HP: 3/24 MP: 0/11
   795 | D:3      | Found an iron altar of Okawaru.
   874 | D:3      | Found a deep blue altar of Sif Muna.
  1087 | D:3      | Noticed Ijyb
  1101 | D:3      | Killed Ijyb
  1137 | D:3      | Reached XP level 5. HP: 24/28 MP: 7/13
  1225 | D:4      | Noticed Menkaure
  1262 | D:4      | Noticed Grinder
  1266 | D:4      | Killed Grinder
  1266 | D:4      | Reached skill level 5 in Ice Magic
  1266 | D:4      | Reached XP level 6. HP: 14/32 MP: 11/14
  1428 | D:4      | Noticed Blork the orc
  1438 | D:4      | Banished Blork the orc
  1515 | D:4      | Reached skill level 5 in Spellcasting
  1530 | D:4      | Learned a level 4 spell: Summon Ice Beast
  1577 | D:4      | Reached XP level 7. HP: 32/36 MP: 8/16
  1594 | D:4      | Reached skill level 1 in Summonings
  1917 | D:4      | Found an ancient bone altar of Kikubaaqudgha.
  1917 | D:4      | Found a glowing silver altar of Zin.
  1924 | D:4      | Found a faded altar of an unknown god.
  1927 | D:4      | Found a burning altar of Makhleb.
  1928 | D:4      | Found a faded altar of an unknown god.
  2017 | D:5      | Entered Level 5 of the Dungeon
  2230 | D:5      | Reached skill level 5 in Dodging
  2494 | D:5      | Found a sacrificial altar of Ru.
  2543 | D:6      | Found Dinlecra's Magic Scroll Emporium.
  2551 | D:6      | Bought a scroll of summoning for 123 gold pieces
  2551 | D:6      | Bought a scroll of amnesia for 45 gold pieces
  2551 | D:6      | Bought a scroll of identify for 26 gold pieces
  2551 | D:6      | Bought a scroll of identify for 26 gold pieces
  2551 | D:6      | Bought a scroll of identify for 26 gold pieces
  2551 | D:6      | Bought a scroll of identify for 26 gold pieces
  2551 | D:6      | Bought a scroll of teleportation for 39 gold pieces
  2615 | D:6      | Found a staircase to the Ecumenical Temple.
  2624 | Temple   | Entered the Ecumenical Temple
  2651 | Temple   | Became a worshipper of Vehumet
  2823 | D:6      | Reached skill level 5 in Conjurations
  2929 | D:6      | Reached XP level 8. HP: 27/41 MP: 12/19
  3244 | D:5      | Reached * piety under Vehumet
  3244 | D:5      | Offered knowledge of Flame Tongue by Vehumet.
  3251 | D:5      | Learned a level 4 spell: Throw Icicle
  3255 | D:5      | Learned a level 3 spell: Ozocubu's Armour
  3257 | D:5      | Learned a level 1 spell: Flame Tongue
  3315 | D:6      | Bought a scroll of identify for 26 gold pieces
  3818 | D:7      | Reached XP level 9. HP: 27/45 MP: 5/21
  3850 | D:7      | Killed from afar by an orc priest

Vault maps used:
D:1:      roderic_crop_circles_arrival_small, serial_park_tiny_pond
D:2:      wad_pebble_path, chequers_ecumenical_altar_simple, eino_tiny_chamber,
          serial_bayou_lagoon_a, uniq_robin
D:3:      kennysheep_goblin_castle, lemuel_crystal_altar,
          okawaru_ov_weapons_minmay
D:4:      chequers_temple_overflow_minitemple, first_ration,
          minmay_misc_feat_roman, uniq_grinder, uniq_blork_the_orc,
          uniq_menkaure
D:5:      nicolae_ru_path_of_blood
D:6:      temple_hall, serial_shops, shop
D:7:      lemuel_crystal_altar, grunt_livestock, roderic_lattice_a,
          chei_slow_surprise
Temple:   regret_index_temple_generic_petals

Skill      XL: |  1  2  3  4  5  6  7  8 |
---------------+-------------------------+-----
Dodging        | 3 4 5 6 |  6.0
Conjurations   | 2 3 4 5 6 |  6.7
Ice Magic      | 4 5 6 7 |  7.5
Spellcasting   | 4 5 6 7 |  7.2
Summonings     | 3 4 |  4.0
Stealth        | |  2.4

Action                   |  1- 3 |  4- 6 |  7- 9 || total
-------------------------+-------+-------+-------++-------
Melee: Spear             |    20 |    14 |       ||    34
       Club              |     1 |       |       ||     1
       Dagger            |       |    14 |    88 ||   102
Throw: Stone             |       |       |     1 ||     1
 Cast: Freeze            |    52 |    41 |    61 ||   154
       Throw Frost       |       |     4 |    10 ||    14
       Summon Ice Beast  |       |       |    33 ||    33
       Throw Icicle      |       |       |     1 ||     1
Evoke: Wand              |       |     2 |     2 ||     4
  Use: Scroll            |     3 |     2 |     8 ||    13
       Potion            |     4 |     1 |     2 ||     7
 Stab: Sleeping          |     4 |     6 |     9 ||    19
  Eat: Chunk             |       |     1 |    11 ||    12
Armor: Robe              |     2 |     3 |    11 ||    16
       Skin              |       |     6 |       ||     6
Dodge: Dodged            |    25 |    29 |    85 ||   139

Table legend:
 A = Spawn XP
 B = Non-spawn XP
 C = Spawn XP percentage of total XP
 D = Spawn monster count
 E = Non-spawn monster count
 F = Spawn count percentage of total count
 G = Total turns spent on level
                    A         B        C        D         E        F      G
               +---------+---------+-------+---------+---------+-------+---------
         Total |       0 |    2837 |   0.0 |       0 |     145 |   0.0 |  3850
               +---------+---------+-------+---------+---------+-------+---------
           D:1 |       0 |      20 |   0.0 |       0 |      10 |   0.0 |   276
           D:2 |       0 |      88 |   0.0 |       0 |      36 |   0.0 |   508
           D:3 |       0 |      89 |   0.0 |       0 |      22 |   0.0 |   424
           D:4 |       0 |     732 |   0.0 |       0 |      13 |   0.0 |   809
           D:5 |       0 |     342 |   0.0 |       0 |      14 |   0.0 |   604
           D:6 |       0 |     394 |   0.0 |       0 |      23 |   0.0 |   620
           D:7 |       0 |    1172 |   0.0 |       0 |      27 |   0.0 |   558
               +---------+---------+-------+---------+---------+-------+---------
